cohdb
Replays
Latest Replays
All Replays
Popular Replays
Top Player Replays
Match Explorer
How It Works
Community
CoH3 Stats
Reddit
Sign in to upload your games and track your stats! →
Sign in with Steam
Match 38476049
Unlisted
Match 38476049
Overview
Messages
Build Orders
End
Royal Engineer Section
Construct Section Command Post
Infantry Section
Selects Heavy Armor Battlegroup
Infantry Section
Vickers Machine Gun Team
Construct Platoon Command Post
Selects Rigorous Vehicle Training
Humber Armored Car
6-pounder Anti-tank Gun Team
Construct Field Infirmary
Selects Crusader AA Medium Tank
Crusader AA Medium Tank
REGULATOR
MDJ13
0
0
Comments
sign in to comment!
No comments posted yet!